 Dungeon Crawl Stone Soup version 0.31.0-11-ge490571c62 (webtiles) character file.

Game seed: 16248272070563628223

51 Drazool the Twirler (level 3, 0/24 HPs)
             Began as a Human Wanderer on Jan 28, 2024.
             Was a Follower of Ru.
             Slain by a frilled lizard (2 damage)
             ... on level 2 of the Dungeon.
             The game lasted 00:08:17 (1550 turns).

Drazool the Twirler (Human Wanderer)                Turns: 1550, Time: 00:08:18

Health: 0/24       AC:  2    Str: 10    XL:     3   Next: 83%
Magic:  4/4        EV: 11    Int: 13    God:    Ru [*.....]
Gold:   67         SH:  0    Dex: 15    Spells: 3/4 levels left

rFire   + . .        a - +0 quarterstaff
rCold   + . .        (shield currently unavailable)
rNeg    . . .        d - +0 robe
rPois   +            (no helmet)
rElec   +            (no cloak)
rCorr   +            (no gloves)
SInv    .            (no boots)
Will    .....        (no amulet)
Stlth   ++           (no ring)
HPRegen 0.24/turn    (no ring)
MPRegen 0.09/turn

%: no passive effects
@: lethally poisoned (0 -> -5), resistant
A: hated by all, explore regen
a: Renounce Religion


You were on level 2 of the Dungeon.
You worshipped Ru.
Ru was aware of your devotion.
You visited 1 branch of the dungeon, and saw 2 of its levels.

You collected 67 gold pieces.


Innate Abilities, Weirdness & Mutations

You are hated by all.
You regain HP and MP as you explore.


   Skills:
 + Level 3.3 Staves
 - Level 2.0 Stealth
 - Level 1.0 Spellcasting
 - Level 3.0 Conjurations
 - Level 3.0 Alchemy
 - Level 1.0 Evocations


You had 3 spell levels left.
You knew the following spells:

 Your Spells              Type           Power      Damage    Failure   Level
z - Sting                 Conj/Alch      32%        1d5       9%          1

Your spell library contained the following spells:

 Spells                   Type           Power      Damage    Failure   Level
 Ignite Poison            Fire/Alch      4%         N/A       83%         4
 Leda's Liquefaction      Alch/Erth      2%         N/A       83%         4

Inventory:

Hand Weapons
 a - a +0 quarterstaff (weapon)
 g - a +1 vampiric spear
Armour
 d - a +0 robe (worn)
Wands
 b - a wand of polymorph (6)
Scrolls
 f - 3 scrolls of teleportation {unknown}
 j - 2 scrolls of summoning {unknown}
 k - a scroll of amnesia {unknown}
 l - a scroll of identify {unknown}
Potions
 c - a potion of attraction

Dungeon Overview and Level Annotations

Branches:
Dungeon (2/15)

Altars:
Ru

Shops:
D:2

[ #†#.........##
#.############
###............)
.###...##.##.....##
.........†>.........
#####...#####.....##
#...# #.....# #####...#
#.....# #..@.####
#.....#
#.###.l).########.....#
#...[.†.............###
######'########..####
#...l# ##.# #........
#.# ######... #.# ##
#.# #.#


You could see a frilled lizard.


Message History

The frilled lizard barely misses you.
Aiming: Sting (safe; 9% risk of failure)
Press: ? - help, Q - select action, (/) - cycle Shift-Dir - straight line, f - goblin
Aim: a goblin, wielding a +1 dagger of venom (60% to hit)
The sting hits the goblin.
The goblin is poisoned.
The goblin is heavily wounded.
* * * LOW HITPOINT WARNING * * *
You feel very sick.
You kill the goblin!
The frilled lizard closely misses you.
Unknown command.
You hit the ball python.
The ball python is moderately wounded.
* * * LOW HITPOINT WARNING * * *
You feel very sick. The ball python misses you. The ball python grabs you.
The ball python constricts you.
* * * LOW HITPOINT WARNING * * *
The frilled lizard barely misses you.
You hit the ball python.
You kill the ball python!
* * * LOW HITPOINT WARNING * * *
You feel very sick. The frilled lizard bites you.
* * * LOW HITPOINT WARNING * * *
Unknown command.
You barely miss the frilled lizard.
* * * LOW HITPOINT WARNING * * *
You feel sick. The frilled lizard bites you.
You die...

Skill      XL: |  1  2  3 |
---------------+----------+-----
Conjurations   | 1 2 3 |  3.0
Staves         | |  3.3
Stealth        | |  2.0
Spellcasting   | |  1.0
Alchemy        | |  3.0
Evocations     | |  1.0

Action                     || total
---------------------------++-------
  Melee: Quarterstaff      ||    55
   Cast: Sting             ||    35
 Invoke: Sacrifice Love    ||     1
    Use: Potion            ||     3
 Armour: Robe              ||    29
  Dodge: Dodged            ||    34

Levels and vault maps discovered:
D:1:      eino_arrival_cavern_e, layout_basic, serial_curves, eino_curves_01,
          eino_curves_02, eino_curves_02, shapermc_ecumenical_altar_mp_vishouse
D:2:      minmay_angry_zag, layout_basic, serial_shops,
          nicolae_shop_tiny_real_fake_doors

Notes
Turn   | Place    | Note
-------+----------+-------------------------------------------
     0 | D:1      | Drazool the Human Wanderer began the quest for the Orb.
     0 | D:1      | Drazool set off with the following items: a +0
                  | quarterstaff, a wand of polymorph (6), a potion of
                  | attraction, a +0 robe; and the following spell memorised:
                  | Sting; and the following spells available to memorise:
                  | Ignite Poison, Leda's Liquefaction.
     0 | D:1      | Reached XP level 1. HP: 13/13 MP: 2/2
   112 | D:1      | Reached skill level 1 in Conjurations
   169 | D:1      | Found a faded altar of an unknown god.
   216 | D:1      | Prayed at the altar of an unknown god.
   216 | D:1      | Became a worshipper of Ru the Awakened
   230 | D:1      | Gained mutation: You are hated by all. [Ru sacrifice]
   230 | D:1      | Reached * piety under Ru
   397 | D:1      | Reached XP level 2. HP: 19/19 MP: 0/3
   986 | D:2      | Reached skill level 2 in Conjurations
  1046 | D:2      | Found Qacha's Antique Armour Shoppe.
  1188 | D:2      | Reached XP level 3. HP: 15/24 MP: 1/4
  1351 | D:2      | Reached skill level 3 in Conjurations
  1545 | D:2      | Identified a potion of resistance
  1550 | D:2      | HP: 2/24 [poisoned by a goblin]
  1550 | D:2      | Slain by a frilled lizard

Vanquished Creatures
  An adder (D:2)
  2 dart slugs
  3 endoplasms (D:2)
  A giant cockroach (D:2)
  7 goblins
  4 hobgoblins
  A quokka (D:2)
  4 ball pythons
  3 bats
  3 frilled lizards
  2 kobolds
  6 rats
37 creatures vanquished.

Table legend: (Time is in decaauts)
 A = Elapsed time spent in this place.
 B = Non-inter-level travel time spent in this place.
 C = Inter-level travel time spent in this place.
 D = Time resting spent in this place.
 E = Time spent auto-exploring this place.
 F = Levels seen in this place.
 G = Mean time per level.
                   A        B        C        D        E       F      G
               +--------+--------+--------+--------+--------+-----+--------+
         Total |   1557 |   1491 |     66 |    115 |   1123 |   2 |  778.5 |
       Dungeon |   1557 |   1491 |     66 |    115 |   1123 |   2 |  778.5 |
               +--------+--------+--------+--------+--------+-----+--------+

Top non-repeatable levels by time:
     D:1: 962 daAuts
     D:2: 595 daAuts

Table legend:
 A = Non-vault XP
 B = Vault XP
 C = Vault XP percentage of total XP
 D = Non-vault monster count
 E = Vault monster count
 F = Vault count percentage of total count
                 A         B        C        D         E       F
            +---------+---------+-------+---------+---------+-------
      Total |      68 |       6 |   8.1 |      34 |       3 |   8.1
            +---------+---------+-------+---------+---------+-------
        D:1 |      18 |       0 |   0.0 |      12 |       0 |   0.0
        D:2 |      50 |       6 |  10.7 |      22 |       3 |  12.0
            +---------+---------+-------+---------+---------+-------
